 Dungeon Crawl Stone Soup version 0.24.1-14-gf8d2b509d9 (webtiles) character file.

Game seed: 5298860693342024784, levelgen mode: deterministic

69 MenacingMecha the Magician (level 4, 0/24 HPs)
             Began as a Deep Elf Fire Elementalist on May 23, 2020.
             Slain by an adder (2 damage)
             ... on level 1 of the Dungeon.
             The game lasted 00:05:57 (1900 turns).

MenacingMecha the Magician (DEFE)                   Turns: 1900, Time: 00:05:57

Health: 0/24       AC:  2    Str:  5    XL:     4   Next: 2%
Magic:  11/12      EV: 13    Int: 21    God:
Gold:   46         SH:  0    Dex: 15    Spells: 5/11 levels left

rFire    . . .     SeeInvis .   j - -2 rapier (curse)
rCold    . . .     Gourm    .   (no shield)
rNeg     . . .     Faith    .   a - +0 robe
rPois    .         Spirit   .   (no helmet)
rElec    .         Reflect  .   h - scarf {repulsion}
rCorr    .         Harm     .   (no gloves)
MR       .....                  (no boots)
Stlth    ++........             (no amulet)
HPRegen  0.08/turn              (no ring)
MPRegen  0.13/turn              (no ring)

@: lethally poisoned (0 -> -4), very slightly contaminated, invisible, repel
missiles
A: no striking features
a: no special abilities


You were on level 1 of the Dungeon.
You were not hungry.

You visited 1 branch of the dungeon, and saw 2 of its levels.

You collected 46 gold pieces.

Inventory:

Hand Weapons
 b - a +0 short sword
 j - a cursed -2 rapier (weapon)
Armour
 a - a +0 robe (worn)
 h - a scarf of repulsion (worn)
Jewellery
 d - a +5 ring of dexterity {unknown}
Scrolls
 g - 4 scrolls of teleportation {unknown}
 i - a scroll of random uselessness {unknown}
Potions
 e - a potion of invisibility
Comestibles
 c - 3 rations


   Skills:
 + Level 3.1 Dodging
 - Level 2.4 Stealth
 * Level 4.3 Spellcasting
 + Level 2.1 Conjurations
 + Level 3.7 Fire Magic


You had 5 spell levels left.
You knew the following spells:

 Your Spells              Type           Power        Failure   Level  Hunger
a - Flame Tongue          Conj/Fire      ###..        3%          1    None
b - Throw Flame           Conj/Fire      ###...       5%          2    #......
c - Conjure Flame         Conj/Fire      ###.....     11%         3    ##.....

Your spell library contained the following spells:

 Spells                   Type           Power        Failure   Level  Hunger
 Inner Flame              Hex/Fire       ##......     16%         3    ##.....
 Sticky Flame             Conj/Fire      ###.....     34%         4    ####...
 Fireball                 Conj/Fire      ###.......   67%         5    ######.


Dungeon Overview and Level Annotations

Branches:
Dungeon (2/15)

Altars:
Hepliaklqana


Message History

You feel sick. The adder barely misses you. The adder misses you.
Unknown command.
Okay, then.
* * * LOW HITPOINT WARNING * * *
You feel sick. The adder misses you. The adder barely misses you.
There is a lethal amount of poison in your body!
You closely miss the adder. The adder barely misses you.
You closely miss the adder. The adder barely misses you.
The adder closely misses you.
You hit the adder.
The adder is moderately wounded.
* * * LOW HITPOINT WARNING * * *
You feel sick. The adder barely misses you.
You closely miss the adder.
The adder is moderately wounded.
The adder barely misses you. The adder closely misses you.
You hit the adder.
The adder is heavily wounded.
The adder bites you.
You die...

############
##.....@....##
##.......S....##
#..............##########
#..................#.....
#........................
#........................
#........................
##.S.....................
##......................


You could see 2 adders.

Vanquished Creatures
  2 adders (D:2)
  An adder skeleton (D:2)
  2 worms (D:2)
  5 bats
  8 goblins
  5 hobgoblins
  4 jackals
  2 ball pythons
  3 frilled lizards (D:1)
  6 kobolds
  4 rats
42 creatures vanquished.

Vanquished Creatures (others)
  5 toadstools (D:1)
5 creatures vanquished.

Grand Total: 47 creatures vanquished

Notes
Turn   | Place    | Note
-------+----------+-------------------------------------------
     0 | D:1      | MenacingMecha the Deep Elf Fire Elementalist began the
                  | quest for the Orb.
     0 | D:1      | Reached XP level 1. HP: 10/10 MP: 6/6
    58 | D:1      | Reached XP level 2. HP: 14/15 MP: 1/8
   218 | D:1      | Learned a level 2 spell: Throw Flame
  1056 | D:1      | Reached XP level 3. HP: 19/19 MP: 7/10
  1061 | D:1      | Learned a level 3 spell: Conjure Flame
  1338 | D:2      | Reached skill level 4 in Spellcasting
  1393 | D:2      | Found a hazy altar of Hepliaklqana.
  1690 | D:2      | Found a faded altar of an unknown god.
  1834 | D:2      | Reached XP level 4. HP: 24/24 MP: 8/12
  1900 | D:1      | Slain by an adder

Levels and vault maps discovered:
D:1:      ldierk_walled_garden, layout_rooms
D:2:      layout_basic, nicolae_overflow_crystal_walls,
          chequers_ecumenical_altar_simple

Skill      XL: |  1  2  3 |
---------------+----------+-----
Spellcasting   | 4 |  4.3
Dodging        | 3 |  3.1
Conjurations   | 2 |  2.1
Stealth        | |  2.4
Fire Magic     | |  3.7

Action                   |  1- 3 |  4- 6 || total
-------------------------+-------+-------++-------
Melee: Short sword       |    10 |       ||    10
       Rapier            |       |     7 ||     7
 Cast: Flame Tongue      |    58 |     5 ||    63
       Throw Flame       |     9 |       ||     9
  Use: Scroll            |     3 |       ||     3
       Potion            |       |     2 ||     2
  Eat: Chunk             |     3 |       ||     3
Armor: Robe              |    12 |     6 ||    18
Dodge: Dodged            |    31 |    26 ||    57
